General information
- name: BNet
- type: Ladder team game (AT/RT)
- host: Battle.net
- saver: NoobeIfsmustdie
map: TwilightRuins
- players: 8
- length: 39:46
- speed: Fast
- version: 1.26 W3XP
- replay type: Public
» download(221 KB)
Players
team 1 (winner)
PineLotion (
orange | 80 APM | 1235 actions | 15:26)
2 Blademaster
1 Wind Walk
1 Critical Strike
» actions
| Assign group hotkey | 100 | |
| Basic commands | 9 | |
| Build / train | 43 | |
| Enter build submenu | 18 | |
| Enter hero's abilities submenu | 2 | |
| Right click | 798 | |
| Select / deselect | 119 | |
| Select group hotkey | 97 | |
| Use ability | 49 | |
1235 total
» units
| Peon | 11 | |
| Shaman | 6 | |
| Troll Batrider | 3 | |
| Raider | 1 | |
21 total
» upgrades
| Shaman Training | 2 | |
| Ranged Weapons | 1 | |
| Armor | 1 | |
4 total
» buildings
| Altar of Storms | 1 | |
| Orc Burrow | 7 | |
| Voodoo Lounge | 1 | |
| Stronghold | 3 | |
| War Mill | 1 | |
| Fortress | 1 | |
| Spirit Lodge | 1 | |
| Beastiary | 1 | |
16 total
» build order
00:09 Altar of Storms
00:24 Orc Burrow
01:27 Voodoo Lounge
02:58 Stronghold
02:58 Stronghold
03:10 War Mill
05:02 Orc Burrow
05:21 Fortress
06:22 Spirit Lodge
06:50 Orc Burrow
07:31 Orc Burrow
10:04 Beastiary
14:58 Orc Burrow
15:00 Orc Burrow
15:05 Orc Burrow
» items
| Healing Salve | 1 | |
| Lesser Clarity Potion | 4 | |
| Boots of Speed | 1 | |
| Circlet of Nobility | 1 | |
| Staff of Teleportation | 1 | |
| Orb of Lightning | 1 | |
9 total
BLACKKNIGHT- (
pink | 37 APM | 1352 actions | 36:19)
4 Mountain King
2 Storm Bolt
2 Bash
4 Paladin
1 Holy Light
1 Devotion Aura
2 Divine Shield
» actions
| Assign group hotkey | 15 | |
| Basic commands | 51 | |
| Build / train | 111 | |
| Enter build submenu | 39 | |
| Enter hero's abilities submenu | 8 | |
| Give item / drop item | 1 | |
| Remove unit from queue | 4 | |
| Right click | 429 | |
| Select / deselect | 550 | |
| Select group hotkey | 33 | |
| Use ability | 108 | |
1352 total
» units
| Peasant | 7 | |
| Footman | 3 | |
| Knight | 10 | |
| Troll Batrider | 15 | |
| Priest | 1 | |
| Spell Breaker | 2 | |
| Chimaera | 5 | |
| Wind Rider | 9 | |
| Rifleman | 5 | |
| Peon | 5 | |
62 total
» upgrades
| Swords | 3 | |
| Plating | 3 | |
| Masonry | 3 | |
| Animal War Training | 1 | |
| Magic Sentry | 1 | |
| Spiked Barricades | 1 | |
| Gunpowder | 1 | |
| Armor | 1 | |
14 total
» buildings
| Farm | 10 | |
| Altar of Kings | 1 | |
| Keep | 2 | |
| Barracks | 2 | |
| Blacksmith | 1 | |
| Lumber Mill | 1 | |
| Castle | 2 | |
| Scout Tower | 5 | |
| Guard Tower | 1 | |
| Arcane Tower | 4 | |
| Arcane Vault | 1 | |
| Arcane Sanctum | 1 | |
| Town Hall | 1 | |
| Beastiary | 2 | |
| Orc Burrow | 3 | |
| Great Hall | 4 | |
41 total
» build order
01:06 Farm
01:10 Altar of Kings
01:57 Keep
01:57 Keep
02:01 Barracks
02:08 Barracks
02:31 Farm
02:33 Blacksmith
02:38 Lumber Mill
03:12 Farm
03:13 Farm
03:17 Farm
04:26 Castle
04:26 Castle
05:26 Scout Tower
05:31 Scout Tower
05:56 Farm
05:57 Guard Tower
06:06 Arcane Tower
06:39 Farm
07:21 Farm
08:25 Farm
09:29 Farm
10:07 Arcane Vault
12:50 Arcane Sanctum
12:52 Scout Tower
14:02 Arcane Tower
14:03 Scout Tower
16:59 Arcane Tower
17:00 Scout Tower
18:06 Arcane Tower
19:08 Town Hall
21:22 Beastiary
21:24 Orc Burrow
22:04 Beastiary
23:15 Orc Burrow
23:21 Orc Burrow
25:41 Great Hall
31:47 Great Hall
31:50 Great Hall
31:53 Great Hall
» items
| Scroll of Town Portal | 2 | |
| Orb of Fire | 1 | |
| Orb of Lightning | 2 | |
| Scroll of Speed | 1 | |
6 total
thekingstitties (
yellow | 40 APM | 712 actions | 17:50)
3 Keeper of the Grove
1 Force of Nature
1 Entangling Roots
1 Thorns Aura
2 Priestess of the Moon
1 Scout
1 Trueshot Aura
1 Demon Hunter
1 Mana Burn
» actions
| Assign group hotkey | 10 | |
| Build / train | 65 | |
| Enter build submenu | 33 | |
| Enter hero's abilities submenu | 6 | |
| Right click | 239 | |
| Select / deselect | 225 | |
| Select group hotkey | 86 | |
| Use ability | 48 | |
712 total
» units
| Wisp | 33 | |
| Archer | 6 | |
| Hippogryph | 7 | |
| Chimaera | 2 | |
48 total
» upgrades
| Strength of the Wild | 1 | |
| Reinforced Hides | 1 | |
| Ultravision | 1 | |
| Well Spring | 1 | |
| Corrosive Breath | 1 | |
5 total
» buildings
| Moon Well | 7 | |
| Altar of Elders | 1 | |
| Ancient of War | 1 | |
| Ancient of Wonders | 2 | |
| Hunter's Hall | 1 | |
| Ancient Protector | 9 | |
| Tree of Ages | 1 | |
| Tree of Life | 1 | |
| Ancient of Wind | 4 | |
| Tree of Eternity | 1 | |
| Chimaera Roost | 4 | |
32 total
» build order
00:23 Moon Well
00:37 Altar of Elders
00:51 Ancient of War
01:42 Moon Well
01:54 Ancient of Wonders
02:30 Hunter's Hall
03:34 Ancient Protector
03:40 Ancient Protector
04:06 Ancient Protector
04:18 Ancient Protector
05:01 Tree of Ages
05:38 Tree of Life
05:46 Ancient Protector
05:59 Ancient Protector
06:36 Moon Well
08:09 Ancient Protector
08:22 Ancient Protector
08:38 Ancient of Wonders
09:13 Ancient of Wind
09:16 Ancient of Wind
09:25 Tree of Eternity
10:03 Ancient Protector
10:24 Moon Well
11:16 Moon Well
13:09 Chimaera Roost
13:11 Chimaera Roost
13:27 Moon Well
14:06 Chimaera Roost
14:10 Chimaera Roost
14:54 Ancient of Wind
14:57 Ancient of Wind
16:43 Moon Well
» items
NoobeIfsmustdie (
teal | 85 APM | 3393 actions | 39:46)
9 Blademaster
3 Wind Walk
3 Critical Strike
1 Bladestorm
2 Mirror Image
» actions
| Assign group hotkey | 102 | |
| Basic commands | 35 | |
| Build / train | 121 | |
| ESC pressed | 7 | |
| Enter build submenu | 47 | |
| Enter hero's abilities submenu | 9 | |
| Give item / drop item | 5 | |
| Right click | 1486 | |
| Select / deselect | 367 | |
| Select group hotkey | 987 | |
| Use ability | 227 | |
3393 total
» units
| Peon | 15 | |
| Grunt | 7 | |
| Goblin Shredder | 1 | |
| Goblin Zeppelin | 1 | |
| Raider | 3 | |
| Troll Headhunter/Berserker | 2 | |
| Troll Batrider | 9 | |
| Goblin Sapper | 2 | |
| Wind Rider | 3 | |
43 total
» upgrades
| Armor | 3 | |
| Berserker Strength | 1 | |
| Pillage | 1 | |
| Ensnare | 1 | |
| Melee Weapons | 3 | |
| Reinforced Defenses | 2 | |
| Berserker Upgrade | 1 | |
| Troll Regeneration | 1 | |
| Ranged Weapons | 3 | |
| Liquid Fire | 1 | |
| Envenomed Spears | 1 | |
| Spiked Barricades | 1 | |
19 total
» buildings
| Orc Burrow | 5 | |
| Altar of Storms | 1 | |
| Barracks | 2 | |
| War Mill | 1 | |
| Voodoo Lounge | 1 | |
| Stronghold | 4 | |
| Great Hall | 3 | |
| Watch Tower | 32 | |
| Fortress | 4 | |
| Beastiary | 4 | |
57 total
» build order
00:12 Orc Burrow
01:06 Altar of Storms
01:08 Barracks
01:22 Orc Burrow
01:54 War Mill
02:26 Voodoo Lounge
03:37 Orc Burrow
04:37 Stronghold
04:37 Stronghold
04:37 Stronghold
05:13 Great Hall
06:11 Watch Tower
06:12 Watch Tower
07:00 Watch Tower
07:03 Watch Tower
07:07 Watch Tower
08:03 Watch Tower
08:05 Watch Tower
08:59 Fortress
09:00 Fortress
09:00 Fortress
09:33 Beastiary
09:36 Beastiary
09:53 Watch Tower
09:56 Watch Tower
09:57 Watch Tower
09:59 Watch Tower
10:00 Watch Tower
10:02 Watch Tower
11:49 Barracks
14:39 Orc Burrow
14:42 Orc Burrow
16:24 Watch Tower
16:25 Watch Tower
16:26 Watch Tower
17:19 Beastiary
17:22 Beastiary
17:25 Watch Tower
17:59 Watch Tower
18:01 Watch Tower
19:24 Watch Tower
22:07 Great Hall
22:10 Watch Tower
22:10 Watch Tower
22:11 Watch Tower
22:13 Watch Tower
22:13 Watch Tower
22:15 Watch Tower
22:16 Watch Tower
22:17 Watch Tower
29:46 Great Hall
30:35 Watch Tower
30:37 Watch Tower
30:39 Watch Tower
30:40 Watch Tower
» items
| Healing Salve | 4 | |
| Boots of Speed | 1 | |
| Replenishment Potion | 3 | |
| Lesser Clarity Potion | 2 | |
| Claws of Attack +9 | 1 | |
| Ring of Regeneration | 1 | |
| Pendant of Energy | 2 | |
| Orb of Lightning | 1 | |
| Scroll of Town Portal | 2 | |
| Scroll of Healing | 1 | |
| Potion of Lesser Invulnerability | 1 | |
| Healing Wards | 1 | |
20 total
team 2 (loser)
mcdyess (
green | 62 APM | 1505 actions | 24:05)
2 Crypt Lord
1 Impale
1 Spiked Carapace
6 Death Knight
3 Death Coil
2 Unholy Aura
1 Animate Dead
3 Lich
2 Frost Nova
1 Dark Ritual
» actions
| Assign group hotkey | 62 | |
| Basic commands | 26 | |
| Build / train | 88 | |
| Enter build submenu | 22 | |
| Enter hero's abilities submenu | 11 | |
| Give item / drop item | 3 | |
| Remove unit from queue | 1 | |
| Right click | 511 | |
| Select / deselect | 319 | |
| Select group hotkey | 375 | |
| Use ability | 87 | |
1505 total
» units
| Acolyte | 8 | |
| Ghoul | 1 | |
| Crypt Fiend | 14 | |
| Goblin Shredder | 1 | |
| Obsidian Statue | 6 | |
| Frost Wyrm | 6 | |
36 total
» upgrades
| Creature Attack | 3 | |
| Creature Carapace | 1 | |
| Web | 1 | |
| Destroyer Form | 1 | |
| Freezing Breath | 1 | |
7 total
» buildings
| Crypt | 1 | |
| Graveyard | 1 | |
| Ziggurat | 8 | |
| Altar of Darkness | 1 | |
| Nerubian Tower | 2 | |
| Tomb of Relics | 2 | |
| Necropolis | 1 | |
| Halls of the Dead | 1 | |
| Spirit Tower | 3 | |
| Black Citadel | 1 | |
| Slaughterhouse | 1 | |
| Sacrificial Pit | 1 | |
| Boneyard | 2 | |
25 total
» build order
00:12 Crypt
00:20 Graveyard
00:41 Ziggurat
01:01 Altar of Darkness
01:27 Ziggurat
02:02 Nerubian Tower
02:12 Tomb of Relics
04:23 Ziggurat
05:24 Nerubian Tower
05:34 Necropolis
06:15 Halls of the Dead
06:24 Ziggurat
07:15 Spirit Tower
08:23 Ziggurat
08:25 Ziggurat
08:58 Spirit Tower
09:01 Ziggurat
09:03 Tomb of Relics
09:30 Spirit Tower
09:34 Black Citadel
09:48 Slaughterhouse
09:56 Sacrificial Pit
12:20 Boneyard
12:22 Boneyard
19:37 Ziggurat
» items
| Rod of Necromancy | 1 | |
| Sacrificial Skull | 1 | |
| Dust of Appearance | 2 | |
| Potion of Lesser Invulnerability | 2 | |
| Boots of Speed | 1 | |
| Potion of Healing | 5 | |
| Orb of Corruption | 1 | |
| Scroll of Town Portal | 6 | |
19 total

»
Silesw (
purple | 63 APM | 1693 actions | 26:54)
6 Priestess of the Moon
2 Searing Arrows
3 Trueshot Aura
1 Starfall
5 Keeper of the Grove
3 Entangling Roots
1 Thorns Aura
1 Force of Nature
» actions
| Basic commands | 3 | |
| Build / train | 101 | |
| Enter build submenu | 27 | |
| Enter hero's abilities submenu | 11 | |
| Give item / drop item | 6 | |
| Remove unit from queue | 2 | |
| Right click | 968 | |
| Select / deselect | 492 | |
| Use ability | 83 | |
1693 total
» units
| Wisp | 30 | |
| Archer | 9 | |
| Huntress | 3 | |
| Goblin Shredder | 5 | |
| Chimaera | 7 | |
| Hippogryph | 2 | |
56 total
» upgrades
| Strength of the Wild | 3 | |
| Reinforced Hides | 3 | |
| Corrosive Breath | 1 | |
| Ultravision | 1 | |
8 total
» buildings
| Ancient of War | 1 | |
| Altar of Elders | 1 | |
| Moon Well | 10 | |
| Hunter's Hall | 1 | |
| Ancient Protector | 1 | |
| Tree of Life | 4 | |
| Tree of Ages | 2 | |
| Ancient of Wonders | 1 | |
| Tree of Eternity | 2 | |
| Ancient of Wind | 2 | |
| Chimaera Roost | 4 | |
29 total
» build order
00:38 Ancient of War
00:42 Altar of Elders
00:46 Moon Well
01:15 Moon Well
02:36 Moon Well
03:40 Hunter's Hall
04:22 Moon Well
04:47 Ancient Protector
05:22 Tree of Life
06:14 Moon Well
06:27 Tree of Ages
06:27 Tree of Ages
08:27 Moon Well
08:41 Ancient of Wonders
09:10 Tree of Eternity
09:10 Tree of Eternity
09:51 Ancient of Wind
11:32 Chimaera Roost
11:35 Chimaera Roost
11:37 Chimaera Roost
11:40 Chimaera Roost
12:48 Moon Well
13:50 Moon Well
14:52 Tree of Life
15:52 Moon Well
16:52 Moon Well
19:45 Tree of Life
23:07 Ancient of Wind
23:46 Tree of Life
» items
| Potion of Healing | 1 | |
| Orb of Venom | 1 | |
| Scroll of Town Portal | 1 | |
| Dust of Appearance | 1 | |
4 total
VSF1 (
red | 36 APM | 1378 actions | 38:33)
6 Death Knight
3 Death Coil
2 Death Pact
1 Animate Dead
1 Dark Ranger
1 Silence
» actions
| Assign group hotkey | 16 | |
| Basic commands | 12 | |
| Build / train | 46 | |
| ESC pressed | 1 | |
| Enter build submenu | 15 | |
| Enter hero's abilities submenu | 7 | |
| Give item / drop item | 2 | |
| Right click | 580 | |
| Select / deselect | 248 | |
| Select group hotkey | 380 | |
| Use ability | 71 | |
1378 total
» units
| Acolyte | 7 | |
| Ghoul | 3 | |
| Crypt Fiend | 8 | |
| Gargoyle | 1 | |
19 total
» upgrades
| Creature Attack | 1 | |
| Creature Carapace | 1 | |
| Web | 1 | |
3 total
» buildings
| Ziggurat | 5 | |
| Crypt | 2 | |
| Altar of Darkness | 2 | |
| Graveyard | 1 | |
| Tomb of Relics | 1 | |
| Nerubian Tower | 1 | |
| Halls of the Dead | 1 | |
| Sacrificial Pit | 1 | |
| Black Citadel | 1 | |
| Spirit Tower | 1 | |
| Necropolis | 1 | |
17 total
» build order
00:07 Ziggurat
00:38 Crypt
00:42 Altar of Darkness
01:10 Graveyard
01:58 Ziggurat
02:18 Tomb of Relics
02:37 Ziggurat
04:01 Nerubian Tower
06:27 Halls of the Dead
06:29 Ziggurat
08:39 Ziggurat
09:03 Sacrificial Pit
10:17 Black Citadel
11:12 Spirit Tower
25:29 Altar of Darkness
25:31 Crypt
25:35 Necropolis
» items
| Dust of Appearance | 1 | |
| Rod of Necromancy | 3 | |
| Scroll of Town Portal | 3 | |
| Potion of Healing | 1 | |
| Potion of Lesser Invulnerability | 2 | |
| Boots of Speed | 1 | |
11 total
OyVey (
blue | 48 APM | 1921 actions | 39:42)
8 Blademaster
3 Wind Walk
3 Critical Strike
1 Bladestorm
1 Mirror Image
» actions
| Assign group hotkey | 27 | |
| Basic commands | 209 | |
| Build / train | 76 | |
| Enter build submenu | 49 | |
| Enter hero's abilities submenu | 8 | |
| Give item / drop item | 7 | |
| Right click | 785 | |
| Select / deselect | 365 | |
| Select group hotkey | 186 | |
| Use ability | 209 | |
1921 total
» units
| Peon | 9 | |
| Grunt | 5 | |
| Goblin Shredder | 1 | |
| Troll Batrider | 3 | |
| Goblin Sapper | 7 | |
| Wind Rider | 4 | |
| Goblin Zeppelin | 3 | |
32 total
» upgrades
| Reinforced Defenses | 1 | |
| Ranged Weapons | 3 | |
| Armor | 3 | |
| Pillage | 1 | |
| Liquid Fire | 1 | |
| Troll Regeneration | 1 | |
| Envenomed Spears | 1 | |
11 total
» buildings
| Orc Burrow | 6 | |
| Altar of Storms | 1 | |
| Barracks | 1 | |
| Voodoo Lounge | 2 | |
| Stronghold | 1 | |
| War Mill | 2 | |
| Great Hall | 2 | |
| Watch Tower | 29 | |
| Fortress | 1 | |
| Beastiary | 4 | |
49 total
» build order
00:12 Orc Burrow
00:53 Altar of Storms
00:54 Barracks
01:09 Orc Burrow
01:35 Voodoo Lounge
02:51 Stronghold
03:52 War Mill
04:08 Orc Burrow
05:19 Great Hall
05:51 Orc Burrow
06:05 Watch Tower
06:06 Watch Tower
06:44 Watch Tower
06:48 Watch Tower
06:55 Watch Tower
06:57 Watch Tower
06:58 Watch Tower
08:04 Fortress
09:38 Watch Tower
09:38 Watch Tower
09:39 Watch Tower
09:43 Watch Tower
10:49 Watch Tower
10:50 Watch Tower
10:51 Watch Tower
10:52 Watch Tower
10:52 Watch Tower
12:34 Beastiary
12:35 Beastiary
12:36 Beastiary
12:40 Beastiary
13:34 War Mill
14:46 Orc Burrow
14:47 Orc Burrow
17:08 Watch Tower
17:09 Watch Tower
17:11 Watch Tower
17:12 Watch Tower
17:13 Watch Tower
17:15 Watch Tower
20:54 Great Hall
20:57 Watch Tower
20:58 Watch Tower
20:58 Watch Tower
20:59 Watch Tower
21:05 Watch Tower
21:05 Watch Tower
21:07 Watch Tower
22:19 Voodoo Lounge
» items
| Healing Salve | 4 | |
| Sentry Wards | 1 | |
| Claws of Attack +9 | 1 | |
| Potion of Mana | 2 | |
| Lesser Clarity Potion | 3 | |
| Potion of Healing | 2 | |
| Orb of Lightning | 1 | |
| Scroll of Town Portal | 3 | |
| Periapt of Vitality | 3 | |
| Staff of Teleportation | 2 | |
22 total
Chat log
(00:17 / Allies) PineLotion: yo
(00:27 / Allies) BLACKKNIGHT-: so is your lotion good?
(00:30 / Allies) BLACKKNIGHT-: smell like pine?
(00:36 / Allies) PineLotion: yea dude
(00:42 / Allies) BLACKKNIGHT-: =p
(00:54 / Allies) PineLotion: pinkl want feed?
(01:04 / Allies) BLACKKNIGHT-: there u go
(01:07 / Allies) PineLotion: no i feed u
(01:11 / Allies) BLACKKNIGHT-: o
(01:12 / Allies) BLACKKNIGHT-: sure
(01:30 / All) OyVey: YOU LIKE THAT?>
(01:42 / Allies) BLACKKNIGHT-: wood i need to upgrade lol
(01:44 / All) PineLotion: fuck you redskins fan
(01:55 / All) Silesw: IM A PATS FAN
(01:58 / All) OyVey: Cousins still >>>> robert griffen
(02:26 / All) OyVey: Chip Kelly to the Browns, Manziel confirmed GOAT
(02:46 / All) Silesw: TB12 IS GOAT
(03:11 / All) OyVey: manziel new goat
(03:19 / All) Silesw: ITS FUNNNY HOW EVERYONE DEFEDNING THE NFL'S BITCH BOY MANNING
(04:31 / Allies) BLACKKNIGHT-: knights here i come
(07:18 / Allies) PineLotion: 2 ud
(07:22 / Allies) PineLotion: will have to deal with frost
(07:32 / Allies) BLACKKNIGHT-: brb dog pooped ><
(08:13 / Allies) BLACKKNIGHT-: back
(08:24 / Allies) NoobeIfsmustdie: pink come
(08:26 / Allies) NoobeIfsmustdie: I just got creepjacked
(08:29 / Allies) NoobeIfsmustdie: green about to attack me
(08:57 / Allies) NoobeIfsmustdie: ty
(09:17 / All) OyVey: noob
(10:04 / Allies) BLACKKNIGHT-: dam the wood
(10:16 / Allies) BLACKKNIGHT-: tyhanks
(10:40 / All) NoobeIfsmustdie: noob undead fiendbots lol
(11:26 / Allies) PineLotion: dk
(12:15 / Allies) thekingstitties: well gg
(12:51 / All) OyVey: knew he'd be a bat noob
(13:26 / Allies) BLACKKNIGHT-: i dont have tp
(13:38 / Allies) NoobeIfsmustdie: me neither
(14:30 / Allies) BLACKKNIGHT-: yellow u have 3k
(14:32 / Allies) BLACKKNIGHT-: use it
(14:42 / Allies) thekingstitties: cant do anything with it
(15:01 / Allies) thekingstitties: no help
(15:32 / Allies) NoobeIfsmustdie: wow
(15:32 / Allies) BLACKKNIGHT-: paly just came i n time
(15:34 / Allies) thekingstitties: team sucks
(15:37 / Allies) NoobeIfsmustdie: red is dead
(15:41 / Allies) NoobeIfsmustdie: and now orange is noob leaver
(16:15 / All) OyVey: I rape your whole base now pink
(17:19 / All) Silesw: lmfao yellow ur so bad
(17:21 / All) OyVey: Pink you hear me?
(17:24 / All) OyVey: Better get towers your base is dead
(17:39 / Allies) thekingstitties: 2 noob orcs
(17:44 / All) Silesw: and pink u stupid
(17:45 / All) Silesw: gg
(17:51 / Allies) NoobeIfsmustdie: noob elf
(18:11 / All) Silesw: YOU LIKE THAT?
(18:20 / All) NoobeIfsmustdie: You're gonna die noob elf
(18:22 / All) NoobeIfsmustdie: noob elfs must die!
(18:26 / All) Silesw: IM NOOB LMFAO
(18:31 / All) NoobeIfsmustdie: you lose
(18:32 / All) NoobeIfsmustdie: I win
(18:35 / All) NoobeIfsmustdie: noob elfs must die
(18:45 / All) OyVey: mess with the best die like the rest, pink
(18:47 / All) Silesw: UP
(18:48 / All) Silesw: TP NOOOB
(18:52 / All) NoobeIfsmustdie: you lose noob
(18:54 / All) Silesw: TP NOOB
(19:04 / All) NoobeIfsmustdie: noob elfs must die
(19:06 / All) NoobeIfsmustdie: you lose noob elf
(19:13 / All) OyVey: someone has mh lol
(19:38 / Allies) BLACKKNIGHT-: im broike
(19:45 / Allies) NoobeIfsmustdie: me too only have 3k
(19:50 / Allies) BLACKKNIGHT-: lol
(19:59 / All) Silesw: TRY AGAIN NOOB TEAL
(20:18 / All) Silesw: FUCKING PATHETIC TEAL
(20:36 / All) Silesw: TEAL PROBABLY IN LAST PLACE
(20:37 / All) NoobeIfsmustdie: out noob undead
(20:39 / All) NoobeIfsmustdie: noob elfs must die
(21:57 / All) Silesw: DUMBASS
(22:01 / All) Silesw: GET REKED
(22:18 / All) Silesw: UR FUCKING PATHETIC
(22:21 / All) NoobeIfsmustdie: you're rekt
(22:22 / All) NoobeIfsmustdie: you lose
(22:23 / All) NoobeIfsmustdie: noob elf lose
(22:40 / All) Silesw: FUNNY THING IS UR PROBABLY IN LAST PALE NOB
(22:41 / All) NoobeIfsmustdie: noob elf die
(22:49 / All) NoobeIfsmustdie: guaranteed I have higher score
(22:53 / All) NoobeIfsmustdie: than noob elf who loses
(22:55 / All) NoobeIfsmustdie: you lose, noob elf
(23:13 / Allies) BLACKKNIGHT-: gold for hero?
(23:26 / Allies) BLACKKNIGHT-: thanks
(23:28 / Allies) NoobeIfsmustdie: np
(23:46 / All) NoobeIfsmustdie: ready to die noob elf?
(23:50 / All) Silesw: mh more noob
(23:51 / All) NoobeIfsmustdie: attack and die
(24:00 / All) NoobeIfsmustdie: attack and die chimbot
(24:01 / All) NoobeIfsmustdie: noob
(24:42 / Allies) BLACKKNIGHT-: out mana
(24:49 / All) Silesw: dumb ass
(24:53 / All) Silesw: u fucking stupid bitch
(24:53 / All) Silesw: Gg
(24:58 / All) NoobeIfsmustdie: out
(24:59 / All) NoobeIfsmustdie: you lose
(25:01 / All) Silesw: lick my balls
(25:13 / All) NoobeIfsmustdie: out chimbot
(25:17 / All) OyVey: HOMOSEXUALS OUT
(25:20 / All) OyVey: BACK IN THE CLOSET
(25:23 / All) OyVey: I AM AGAINST GAY MARRIAGe
(25:47 / All) NoobeIfsmustdie: out
(25:50 / All) NoobeIfsmustdie: noob elf lose
(25:51 / All) NoobeIfsmustdie: chimbot die
(26:00 / All) OyVey: HOMOSEXUALS BACK IN THE CLOSET
(26:06 / All) Silesw: lol U GUYS GONA SUCK EACH OTHER OFF AFTER FAGGOTS?
(26:07 / All) NoobeIfsmustdie: I have higher score than any noob elf
(26:11 / Allies) BLACKKNIGHT-: blue is hiting enmy cool
(26:12 / All) NoobeIfsmustdie: noob elf die
(26:14 / All) OyVey: PURPLE HAS A HUSBAND
(26:17 / All) OyVey: I'M AGAINST THAT
(26:23 / All) NoobeIfsmustdie: noob elf die
(26:25 / All) NoobeIfsmustdie: out noob elf
(26:28 / All) NoobeIfsmustdie: noob elf lose
(26:28 / All) OyVey: PURPLE YOU LOSE BECAUSE YOU HAVE A HUSBAND
(26:45 / All) NoobeIfsmustdie: noob elf lose
(26:47 / All) NoobeIfsmustdie: noob elf die
(26:52 / All) Silesw: GO FUCK EACH OTHER FAGGOTS
(26:54 / All) BLACKKNIGHT-: starfall?
(26:55 / All) NoobeIfsmustdie: moon fire doesn't work on allies
(26:56 / All) BLACKKNIGHT-: LOL
(27:48 / All) NoobeIfsmustdie: 181-182 elf now
(29:05 / Allies) BLACKKNIGHT-: i can heal your hero
(29:24 / Allies) NoobeIfsmustdie: come
(29:27 / Allies) NoobeIfsmustdie: help me finish purple
(31:23 / Allies) BLACKKNIGHT-: 100 gold hero
(31:29 / Allies) BLACKKNIGHT-: well 600 for both
(31:37 / All) OyVey: you don't fucked with teh wrong hombre
(32:40 / All) OyVey: lol
(32:50 / All) OyVey: Happy to accodomate your suicide
(33:04 / Allies) BLACKKNIGHT-: gold fast
(33:06 / Allies) BLACKKNIGHT-: i can buy
(33:10 / Allies) BLACKKNIGHT-: hero back
(33:12 / Allies) NoobeIfsmustdie: hmm
(33:13 / Allies) NoobeIfsmustdie: how much
(33:18 / Allies) BLACKKNIGHT-: 600
(33:20 / Allies) BLACKKNIGHT-: mk
(33:22 / Allies) NoobeIfsmustdie: that's a lot of gold man
(33:25 / Allies) BLACKKNIGHT-: 600 for paly
(33:26 / Allies) NoobeIfsmustdie: not sure if i can afford that
(33:30 / Allies) BLACKKNIGHT-: k
(33:44 / All) OyVey: Red stole my salve
(33:47 / All) OyVey: He must be part negro
(33:54 / All) NoobeIfsmustdie: wow
(34:01 / All) NoobeIfsmustdie: you have a mulatto on your team?
(34:09 / All) OyVey: Yeah red is an octoroon
(34:28 / All) NoobeIfsmustdie: that's a bad kind of coon
(35:01 / All) NoobeIfsmustdie: think they will stay for a standoff?
(35:04 / All) OyVey: ain't no quit in pink
(35:30 / All) BLACKKNIGHT-: okay
(35:34 / Allies) BLACKKNIGHT-: weell good luck
(35:42 / Allies) NoobeIfsmustdie: you leave?
(35:46 / Allies) BLACKKNIGHT-: ya
(35:48 / Allies) NoobeIfsmustdie: stay and you have a chance to win!
(35:52 / Allies) NoobeIfsmustdie: we will create a standoff
(35:56 / Allies) NoobeIfsmustdie: and kill all units including our own
(35:58 / Allies) NoobeIfsmustdie: me and blue
(36:02 / Allies) NoobeIfsmustdie: you can leave your PC on all day for a win
(36:08 / Allies) BLACKKNIGHT-: nay
(36:13 / All) NoobeIfsmustdie: Pink refuses to standoff
(36:14 / Allies) BLACKKNIGHT-: im not in it for the win
(36:16 / All) NoobeIfsmustdie: and is going to leave
(36:17 / Allies) NoobeIfsmustdie: aight
(36:19 / Allies) NoobeIfsmustdie: peace
(36:23 / All) OyVey: lol
(36:28 / All) OyVey: bad luck, red
(36:30 / All) NoobeIfsmustdie: I explained it in allied chat
(36:35 / All) NoobeIfsmustdie: Now the fiendbot must lose
(38:36 / All) NoobeIfsmustdie: I have 810 mana
(38:38 / All) NoobeIfsmustdie: 2 pendants of energy
(38:40 / All) NoobeIfsmustdie: and a manastone
(38:41 / All) OyVey: pink mh
(38:44 / All) NoobeIfsmustdie: plus ring of regen
(38:47 / All) OyVey: so I wouldn't mind him losign
(38:52 / All) NoobeIfsmustdie: +14 damage, orb of lightning and claws +9
(39:04 / All) NoobeIfsmustdie: your team had 2 fiendbots and a chimbot who thought highly of himself
(39:07 / All) NoobeIfsmustdie: but my team had a maphacker
(39:14 / All) NoobeIfsmustdie: not sure which is gayer
(39:23 / All) OyVey: well purple threatened us
(39:23 / All) NoobeIfsmustdie: Pink was alright
(39:29 / All) NoobeIfsmustdie: He stayed to the end and didn't give up easily
(39:33 / All) OyVey: He said we'd be banned
(39:39 / All) NoobeIfsmustdie: he gave me all his resources before he left too
(39:40 / All) OyVey: I guess purp can lose